Map: [ESL] Alcyone

Players

YoungYakov

  • Race: Zerg Zerg
  • Spawn Location: 7:00

Reynor - Winner!

  • Race: Zerg Zerg
  • Spawn Location: 1:00

VOD

Have the link to the VOD?

Description

Time

  • Played on: April 12, 2024, 9:19 a.m.
  • Length: 7:18
Show
View Real Time Build Order
Export as new Build Order

YoungYakov Zerg 

Build Orders: Pool First 

Get SALT Encoding   

  12  0:00  Drone  
  13  0:12  Overlord  
  13  0:17  Drone  
  14  0:30  Drone x2  
  14  0:34  Drone  
  17  0:37  Extractor  
  16  0:45  Spawning Pool  
  16  0:49  Drone  
  16  0:55  Drone  
  17  1:17  Hatchery  
  16  1:32  Zergling x6  
  19  1:39  Metabolic Boost  
  19  1:45  Queen  
  21  1:53  Overlord  
  21  2:00  Drone  
  22  2:12  Zergling x2  
  23  2:16  Zergling x2  
  23  2:21  Queen  
  26  2:35  Zergling x4  
  28  2:38  Zergling x2  
  28  2:43  Zergling x2  
  29  2:47  Zergling x2  
  30  2:53  Zergling x6  
  30  2:54  Overlord  
  33  3:04  Drone x2  
  35  3:13  Drone x2  
  35  3:22  Drone  
  35  3:23  Drone  
  35  3:26  Drone x3  
  38  3:33  Drone x3  
  37  3:37  Drone x2  
  37  3:48  Drone  
  38  3:49  Hatchery  
  38  3:51  Drone  
  38  3:57  Evolution Chamber  
  38  3:59  Drone x2  
  38  4:00  Drone  
  40  4:05  Lair  
  40  4:07  Extractor  
  39  4:10  Overlord  
  39  4:12  Drone  
  39  4:15  Drone x2  
  42  4:18  Drone x2  
  44  4:24  Roach Warren  
  44  4:27  Extractor  
  42  4:31  Zerg Missile Weapons Level 1  
  42  4:34  Drone x3  
  42  4:36  Drone  
  46  4:40  Drone x2  
  46  4:43  Overlord  
  48  4:46  Overlord  
  48  4:51  Queen  
  50  4:56  Overlord  
  50  5:03  Roach x2  
  50  5:04  Roach  
  50  5:06  Glial Reconstitution  
  56  5:11  Roach  
  56  5:13  Roach  
  60  5:16  Roach  
  60  5:19  Roach x2  
  64  5:23  Roach  
  64  5:25  Roach  
  68  5:30  Roach x2  
  68  5:32  Spine Crawler  
  71  5:37  Roach x2  
  71  5:41  Roach  
  77  5:43  Roach  
  77  5:45  Overlord  
  77  5:49  Roach  
  81  5:51  Overlord  
  79  6:06  Roach x6  
  83  6:14  Roach  
  77  6:18  Roach x4  
  77  6:24  Roach  
  77  6:26  Roach, Zergling x4  
  77  6:31  Roach x2  
  75  6:35  Roach  
  75  6:37  Roach  
  79  6:45  Roach x2  
  81  6:47  Roach Warren  
  81  6:49  Zergling x4  
  78  6:56  Zergling x2  
  78  6:57  Zergling x6  
Show
View Real Time Build Order
Export as new Build Order

Reynor Zerg - Winner!

Build Orders: Hatch First 

Get SALT Encoding   

  12  0:00  Drone  
  13  0:12  Overlord  
  13  0:17  Drone  
  14  0:32  Drone x2  
  16  0:50  Hatchery  
  16  0:52  Drone  
  16  0:55  Drone  
  17  1:01  Drone  
  18  1:09  Extractor  
  17  1:14  Spawning Pool  
  17  1:17  Drone  
  17  1:23  Drone  
  18  1:29  Drone  
  19  1:39  Drone  
  20  1:51  Overlord  
  20  2:02  Queen x2  
  20  2:03  Zergling x4  
  26  2:11  Drone  
  26  2:13  Drone  
  28  2:22  Drone  
  29  2:24  Drone  
  30  2:32  Spore Crawler  
  30  2:35  Zergling x2  
  29  2:39  Queen x2  
  29  2:40  Overlord  
  33  2:45  Drone  
  33  2:46  Drone  
  35  2:54  Drone  
  36  2:59  Drone  
  36  3:01  Evolution Chamber  
  36  3:05  Zergling x2  
  36  3:08  Spine Crawler  
  36  3:09  Zergling x2  
  36  3:12  Zergling x4  
  39  3:18  Overlord  
  39  3:21  Zergling x2  
  39  3:26  Drone x2  
  36  3:40  Lair  
  36  3:41  Drone x2  
  37  3:44  Drone  
  38  3:49  Zerg Missile Weapons Level 1  
  38  3:51  Drone  
  38  3:52  Drone  
  38  3:54  Drone  
  41  3:57  Drone  
  42  4:05  Roach Warren  
  42  4:06  Drone x2  
  43  4:10  Drone x2  
  43  4:15  Overlord  
  46  4:17  Drone  
  46  4:19  Extractor  
  46  4:20  Extractor  
  46  4:22  Drone x2  
  46  4:26  Overlord  
  46  4:45  Glial Reconstitution  
  46  4:46  Roach x5  
  46  4:48  Roach  
  46  4:50  Overlord  
  46  4:52  Roach  
  60  4:56  Roach  
  60  4:58  Roach  
  64  5:02  Roach  
  64  5:04  Overlord  
  66  5:13  Roach x3  
  72  5:17  Overlord  
  72  5:23  Roach x3  
  78  5:30  Overlord  
  78  5:31  Roach  
  78  5:33  Roach  
  82  5:37  Roach  
  82  5:41  Roach x2  
  88  5:45  Roach  
  88  5:47  Overlord  
  88  5:49  Ravager  
  91  5:53  Roach x2  
  91  5:57  Roach  
  97  6:03  Roach  
  97  6:06  Roach  
  97  6:08  Roach  
  99  6:11  Roach  
  99  6:14  Roach x2  
  99  6:17  Overlord  
  101  6:23  Roach  
  99  6:28  Roach  
  99  6:30  Roach  
  99  6:31  Ravager  
  100  6:38  Queen  
  100  6:40  Roach  
  100  6:41  Roach  
  102  6:48  Ravager  
  102  6:50  Roach  
  102  6:53  Roach  
  97  7:09  Hatchery  
Tags
 
Add a new tag
Caveats
  • Supply blocks, unpowered buildings, or Contaminate may cause inaccurate times.
  • Supply counts are checked every 10 seconds.